XFBL
DETROIT TIGERS @ MILWAUKEE BREWERS
06/11/1982
 
TOP OF THE 1ST
Detroit Tigers batting - Pitching for Milwaukee Brewers : RHP Fergie Jenkins
Pitching: RHP Fergie Jenkins
Batting: SHB Lee Mazzilli 0-0: Ball
1-0: Bunted foul
1-1: Ground out 6-3 (Groundball, 6D, EV 100.6 MPH)
Batting: RHB Rusty Tillman 0-0: Called Strike
0-1: Ball
1-1: Foul Ball, location: 2F
1-2: SINGLE (Line Drive, 7S, EV 98.8 MPH)
Batting: SHB Tony Phillips 0-0: Ball
1-0: Ball
2-0: SINGLE (Groundball, 34S, EV 68.8 MPH) (infield hit)
Rusty Tillman to second
Batting: RHB Dave Kingman 0-0: Swinging Strike
0-1: Ball
1-1: Ball
2-1: Foul Ball, location: 2F
2-2: Strikes out looking
Batting: RHB Andre Thornton 0-0: Swinging Strike
0-1: Foul Ball, location: 2F
0-2: Ball
1-2: Fly out, F8 (Line Drive, 8RM, EV 95.0 MPH)
Top of the 1st over - 0 runs, 2 hits, 0 errors, 2 left on base; Detroit 0 - Milwaukee 0
BOTTOM OF THE 1ST
Milwaukee Brewers batting - Pitching for Detroit Tigers : LHP Dave McNally
Pitching: LHP Dave McNally
Batting: SHB Alfredo Griffin 0-0: Fly out, F3 (Line Drive, 3, EV 69.4 MPH)
Batting: RHB Thurman Munson 0-0: Called Strike
0-1: Ground out 5-3 (Groundball, 56, EV 81.9 MPH)
Batting: RHB Eric Davis 0-0: Foul Ball, location: 2F
0-1: Foul Ball, location: 2F
0-2: Ball
1-2: Ground out U3 (Groundball, 3, EV 77.5 MPH)
Bottom of the 1st over - 0 runs, 0 hits, 0 errors, 0 left on base; Detroit 0 - Milwaukee 0
TOP OF THE 2ND
Detroit Tigers batting - Pitching for Milwaukee Brewers : RHP Fergie Jenkins
Batting: RHB Keith Moreland 0-0: Swinging Strike
0-1: Ball
1-1: Foul Ball, location: 2F
1-2: Foul Ball, location: 2F
1-2: Ball
2-2: Strikes out swinging
Batting: RHB Rusty Kuntz 0-0: Ball
1-0: Foul Ball, location: 2F
1-1: Ball
2-1: Called Strike
2-2: SOLO HOME RUN (Flyball, 7D, EV 91.3 MPH), Distance : 385 ft
Batting: RHB Larry Parrish 0-0: Called Strike
0-1: Ball
1-1: Ball
2-1: Ball
3-1: Base on Balls
Batting: RHB Mike Sproles 0-0: Foul Ball, location: 2F
0-1: Fielders Choice at 2nd, 6-4 (Groundball, 6M, EV 95.0 MPH)
Batting: SHB Lee Mazzilli 0-0: Fielders Choice at 2nd, 5-4 (Groundball, 5, EV 82.5 MPH)
Top of the 2nd over - 1 run, 1 hit, 0 errors, 1 left on base; Detroit 1 - Milwaukee 0
BOTTOM OF THE 2ND
Milwaukee Brewers batting - Pitching for Detroit Tigers : LHP Dave McNally
Batting: SHB Eddie Murray 0-0: Ball
1-0: Ball
2-0: Called Strike
2-1: Ball
3-1: SOLO HOME RUN (Flyball, 9LD, EV 92.5 MPH), Distance : 345 ft
Batting: RHB Ken Landreaux 0-0: Ball
1-0: SINGLE (Line Drive, 89M, EV 86.9 MPH)
Batting: RHB Mike Schmidt 0-0: Called Strike
0-1: Ball
1-1: Fly out, F9 (Flyball, 89M, EV 80.0 MPH)
Batting: RHB Glenn Davis 0-0: SINGLE (Flyball, 8RS, EV 89.4 MPH)
Ken Landreaux to second
Runner from 2nd tries for 3rd, SAFE, throw by CF made to third
Batting: LHB Denny Walling 0-0: Ball
1-0: Foul Ball, location: 2F
1-1: Fielders Choice at 2nd, 5-4 (Groundball, 5, EV 86.3 MPH)
Ken Landreaux scores
Batting: RHB Pat Tabler 0-0: Ball
1-0: Foul Ball, location: 2F
1-1: Ball
2-1: Foul Ball, location: 2F
2-2: Foul Ball, location: 2F
2-2: Ball
3-2: Strikes out looking
Bottom of the 2nd over - 2 runs, 3 hits, 0 errors, 1 left on base; Detroit 1 - Milwaukee 2
TOP OF THE 3RD
Detroit Tigers batting - Pitching for Milwaukee Brewers : RHP Fergie Jenkins
Batting: RHB Rusty Tillman 0-0: SINGLE (Groundball, 56, EV 100.6 MPH) (infield hit)
Batting: SHB Tony Phillips 0-0: Ball
1-0: Ball
2-0: Swinging Strike
2-1: Foul Ball, location: 2F
2-2: Fielders Choice at 2nd, 4-6 (Groundball, 4, EV 83.8 MPH)
Batting: RHB Dave Kingman 0-0: Swinging Strike
0-1: Called Strike
0-2: Foul Ball, location: 2F
0-2: Ball
1-2: Foul Ball, location: 2F
1-2: Ball
2-2: SINGLE (Flyball, 34D, EV 96.3 MPH)
Tony Phillips to second
Batting: RHB Andre Thornton 0-0: Ball
1-0: Called Strike
Tony Phillips is caught stealing 3rd base 2-5
Dave Kingman to second
1-1: Ball
2-1: Ball
3-1: Fly out, F8 (Flyball, 78S, EV 90.6 MPH)
Top of the 3rd over - 0 runs, 2 hits, 0 errors, 1 left on base; Detroit 1 - Milwaukee 2
BOTTOM OF THE 3RD
Milwaukee Brewers batting - Pitching for Detroit Tigers : LHP Dave McNally
Batting: SHB Alfredo Griffin 0-0: Ball
1-0: Ball
2-0: Called Strike
2-1: Fly out, F7 (Flyball, 7D, EV 101.3 MPH)
Batting: RHB Thurman Munson 0-0: SINGLE (Groundball, 56D, EV 99.4 MPH)
Batting: RHB Eric Davis 0-0: Called Strike
0-1: Ball
1-1: Ball
2-1: SINGLE (Line Drive, 9LM, EV 110.6 MPH)
Thurman Munson to second
Batting: SHB Eddie Murray 0-0: Ball
1-0: Foul Ball, location: 2F
1-1: Fly out, F7 (Flyball, 78D, EV 99.4 MPH)
Batting: RHB Ken Landreaux 0-0: Ball
1-0: Fielders Choice at 2nd, 6-4 (Groundball, 56, EV 92.5 MPH)
Bottom of the 3rd over - 0 runs, 2 hits, 0 errors, 2 left on base; Detroit 1 - Milwaukee 2
TOP OF THE 4TH
Detroit Tigers batting - Pitching for Milwaukee Brewers : RHP Fergie Jenkins
Batting: RHB Keith Moreland 0-0: Ball
1-0: SINGLE (Groundball, 56S, EV 71.3 MPH) (infield hit)
Batting: RHB Rusty Kuntz 0-0: Called Strike
0-1: Foul Ball, location: 2F
0-2: Ball
1-2: SINGLE (Groundball, 4MD, EV 103.1 MPH)
Keith Moreland to second
Runner from 2nd tries for 3rd, SAFE, no throw by CF
Batting: RHB Larry Parrish 0-0: Ball
Rusty Kuntz steals 2nd base
1-0: Ground out 4-3 (Groundball, 4S, EV 90.6 MPH)
Keith Moreland scores
Rusty Kuntz to third
Batting: RHB Mike Sproles 0-0: Called Strike
0-1: SINGLE (Groundball, 56D, EV 95.6 MPH)
Rusty Kuntz scores
Batting: SHB Lee Mazzilli 0-0: Called Strike
Mike Sproles steals 2nd base
0-1: Foul Ball, location: 2F
0-2: Fly out, F6 (Flyball, 6MD, EV 90.0 MPH)
Batting: RHB Rusty Tillman 0-0: Called Strike
0-1: Fly out, F9 (Line Drive, 89M, EV 95.0 MPH)
Top of the 4th over - 2 runs, 3 hits, 0 errors, 1 left on base; Detroit 3 - Milwaukee 2
BOTTOM OF THE 4TH
Milwaukee Brewers batting - Pitching for Detroit Tigers : LHP Dave McNally
Batting: RHB Mike Schmidt 0-0: Foul Ball, location: 2F
0-1: Ball
1-1: Ball
2-1: Ball
3-1: Foul Ball, location: 2F
3-2: Foul Ball, location: 2F
3-2: Foul Ball, location: 2F
3-2: Base on Balls
Batting: RHB Glenn Davis 0-0: Sac Bunt to 23 - play at first, batter OUT! 3-4
Mike Schmidt to second
Batting: LHB Denny Walling 0-0: Called Strike
0-1: Swinging Strike
0-2: Ball
1-2: Ball
2-2: Ball
3-2: SINGLE (Line Drive, 8RS, EV 104.4 MPH)
Mike Schmidt to third
Runner from 3rd tries for Home, throw by CF and OUT! 8-2
Denny Walling to second
Batting: RHB Pat Tabler 0-0: Ball
1-0: Foul Ball, location: 2F
1-1: Ball
2-1: Ground out 6-3 (Groundball, P, EV 79.4 MPH)
Bottom of the 4th over - 0 runs, 1 hit, 0 errors, 1 left on base; Detroit 3 - Milwaukee 2
TOP OF THE 5TH
Detroit Tigers batting - Pitching for Milwaukee Brewers : RHP Fergie Jenkins
Batting: SHB Tony Phillips 0-0: Foul Ball, location: 2F
0-1: Foul Ball, location: 2F
0-2: Ball
1-2: Ball
2-2: DOUBLE (Line Drive, 7LM, EV 108.1 MPH)
Batting: RHB Dave Kingman 0-0: Ball
1-0: Called Strike
1-1: Ball
2-1: Called Strike
2-2: Fly out, F9 (Flyball, 9S, EV 85.6 MPH)
Batting: RHB Andre Thornton 0-0: Foul Ball, location: 2F
0-1: Ball
1-1: Fly out, F8 (Flyball, 78M, EV 84.4 MPH)
Batting: RHB Keith Moreland 0-0: SINGLE (Groundball, 5S, EV 65.6 MPH) (infield hit)
Tony Phillips to third
Batting: RHB Rusty Kuntz 0-0: Called Strike
0-1: Fly out, F5 (Line Drive, 5, EV 73.8 MPH)
Top of the 5th over - 0 runs, 2 hits, 0 errors, 2 left on base; Detroit 3 - Milwaukee 2
BOTTOM OF THE 5TH
Milwaukee Brewers batting - Pitching for Detroit Tigers : LHP Dave McNally
Batting: SHB Alfredo Griffin 0-0: Foul Ball, location: 2F
0-1: Ground out 4-3 (Groundball, 4, EV 108.8 MPH)
Batting: RHB Thurman Munson 0-0: Swinging Strike
0-1: Ball
1-1: Fly out, F4 (Popup, 4M, EV 61.3 MPH)
Batting: RHB Eric Davis 0-0: Ball
1-0: Ball
2-0: Foul Ball, location: 2F
2-1: Fly out, F8 (Flyball, 8LM, EV 95.6 MPH)
Bottom of the 5th over - 0 runs, 0 hits, 0 errors, 0 left on base; Detroit 3 - Milwaukee 2
TOP OF THE 6TH
Detroit Tigers batting - Pitching for Milwaukee Brewers : RHP Fergie Jenkins
Batting: RHB Larry Parrish 0-0: Ball
1-0: Ball
2-0: Foul Ball, location: 2F
2-1: Foul Ball, location: 2F
2-2: Ball
3-2: Foul Ball, location: 2F
3-2: Ground out 5-3 (Groundball, 5, EV 106.3 MPH)
Batting: RHB Mike Sproles 0-0: Ball
1-0: Ball
2-0: Fly out, F8 (Flyball, 8RM, EV 94.4 MPH)
Batting: SHB Lee Mazzilli 0-0: Ball
1-0: Foul Ball, location: 2F
1-1: Foul Ball, location: 2F
1-2: Ball
2-2: Foul Ball, location: 2F
2-2: Ground out 4-3 (Groundball, 4, EV 102.5 MPH)
Top of the 6th over - 0 runs, 0 hits, 0 errors, 0 left on base; Detroit 3 - Milwaukee 2
BOTTOM OF THE 6TH
Milwaukee Brewers batting - Pitching for Detroit Tigers : LHP Dave McNally
Batting: SHB Eddie Murray 0-0: Foul Ball, location: 2F
0-1: Ball
1-1: Ball
2-1: Called Strike
2-2: SINGLE (Flyball, 9S, EV 90.0 MPH)
Batting: RHB Ken Landreaux 0-0: Ball
1-0: Foul Ball, location: 2F
1-1: Ball
2-1: Fly out, F8 (Flyball, 8RD, EV 92.5 MPH)
Batting: RHB Mike Schmidt 0-0: Ball
1-0: Foul Ball, location: 2F
1-1: Ball
2-1: Swinging Strike
2-2: Foul Ball, location: 2F
2-2: Strikes out swinging
Batting: RHB Glenn Davis 0-0: Ball
1-0: Ball
2-0: Called Strike
2-1: Ground out U3 (Groundball, 34, EV 80.6 MPH)
Bottom of the 6th over - 0 runs, 1 hit, 0 errors, 1 left on base; Detroit 3 - Milwaukee 2
TOP OF THE 7TH
Detroit Tigers batting - Pitching for Milwaukee Brewers : RHP Fergie Jenkins
Batting: RHB Rusty Tillman 0-0: Swinging Strike
0-1: Ball
1-1: Ground out 6-3 (Groundball, 6S, EV 83.1 MPH)
Batting: SHB Tony Phillips 0-0: Called Strike
0-1: Ball
1-1: Swinging Strike
1-2: DOUBLE (Line Drive, 7LS, EV 99.4 MPH)
Batting: RHB Dave Kingman 0-0: Called Strike
0-1: Swinging Strike
0-2: Foul Ball, location: 2F
0-2: Ball
1-2: Strikes out swinging
Batting: RHB Andre Thornton 0-0: Fly out, F8 (Flyball, 8RM, EV 94.4 MPH)
Top of the 7th over - 0 runs, 1 hit, 0 errors, 1 left on base; Detroit 3 - Milwaukee 2
BOTTOM OF THE 7TH
Milwaukee Brewers batting - Pitching for Detroit Tigers : LHP Dave McNally
Batting: LHB Denny Walling 0-0: Ground out 4-3 (Groundball, 4M, EV 78.1 MPH)
Batting: RHB Pat Tabler 0-0: Fly out, F4 (Line Drive, 4, EV 68.8 MPH)
Batting: SHB Alfredo Griffin 0-0: Called Strike
0-1: Ball
1-1: SINGLE (Groundball, 56, EV 108.8 MPH) (infield hit)
Batting: RHB Thurman Munson 0-0: Called Strike
0-1: Ball
1-1: Called Strike
1-2: SINGLE (Groundball, 4MD, EV 101.9 MPH)
Alfredo Griffin to second
Runner from 2nd tries for 3rd, SAFE, throw by CF made to third
Batting: RHB Eric Davis 0-0: Called Strike
0-1: Called Strike
0-2: Foul Ball, location: 2F
0-2: Foul Ball, location: 2F
0-2: Ground out 6-3 (Groundball, 6S, EV 85.0 MPH)
Bottom of the 7th over - 0 runs, 2 hits, 0 errors, 2 left on base; Detroit 3 - Milwaukee 2
TOP OF THE 8TH
Detroit Tigers batting - Pitching for Milwaukee Brewers : RHP Fergie Jenkins
Batting: RHB Keith Moreland 0-0: Ball
1-0: Swinging Strike
1-1: Swinging Strike
1-2: Ball
2-2: Strikes out looking
Pitching: LHP Jordan Ortiz
Batting: RHB Rusty Kuntz 0-0: Ball
1-0: DOUBLE (Flyball, 78XD, EV 95.6 MPH)
Batting: RHB Larry Parrish 0-0: Fly out, F2 (Popup, 3SF, EV 86.9 MPH)
Batting: RHB Mike Sproles 0-0: Ground out 1-3 (Groundball, 13S, EV 71.3 MPH)
Top of the 8th over - 0 runs, 1 hit, 0 errors, 1 left on base; Detroit 3 - Milwaukee 2
BOTTOM OF THE 8TH
Milwaukee Brewers batting - Pitching for Detroit Tigers : LHP Dave McNally
Batting: SHB Eddie Murray 0-0: Swinging Strike
0-1: Ground out 4-3 (Groundball, 34, EV 103.8 MPH)
Batting: RHB Ken Landreaux 0-0: Called Strike
0-1: Swinging Strike
0-2: Ball
1-2: Foul Ball, location: 2F
1-2: Ground out 4-3 (Groundball, 34, EV 89.4 MPH)
Batting: RHB Mike Schmidt 0-0: Ball
1-0: Called Strike
1-1: Ball
2-1: SOLO HOME RUN (Flyball, 7LD, EV 101.3 MPH), Distance : 365 ft
Batting: RHB Glenn Davis 0-0: Ball
1-0: Foul Ball, location: 2F
1-1: Ground out 5-3 (Groundball, 5L, EV 86.9 MPH)
Bottom of the 8th over - 1 run, 1 hit, 0 errors, 0 left on base; Detroit 3 - Milwaukee 3
TOP OF THE 9TH
Detroit Tigers batting - Pitching for Milwaukee Brewers : LHP Jordan Ortiz
Batting: SHB Lee Mazzilli 0-0: Called Strike
0-1: Foul Ball, location: 2F
0-2: Strikes out looking
Batting: RHB Rusty Tillman 0-0: Foul Ball, location: 2F
0-1: Ball
1-1: Foul Ball, location: 2F
1-2: Foul Ball, location: 2F
1-2: Foul Ball, location: 2F
1-2: SINGLE (Line Drive, 78M, EV 103.8 MPH)
Batting: SHB Tony Phillips 0-0: Ball
Rusty Tillman steals 2nd base (no throw)
1-0: Ball
2-0: Ball
3-0: Called Strike
3-1: Swinging Strike
3-2: 2-RUN HOME RUN (Flyball, 7D, EV 92.5 MPH), Distance : 390 ft
Batting: RHB Dave Kingman 0-0: Called Strike
0-1: Called Strike
0-2: Foul Ball, location: 2F
0-2: Ball
1-2: Strikes out swinging
Batting: RHB Andre Thornton 0-0: Called Strike
0-1: Ground out 3-1 (Groundball, 34S, EV 88.8 MPH)
Top of the 9th over - 2 runs, 2 hits, 0 errors, 0 left on base; Detroit 5 - Milwaukee 3
BOTTOM OF THE 9TH
Milwaukee Brewers batting - Pitching for Detroit Tigers : LHP Dave McNally
Now at 1B: Tack Wilson
Batting: LHB Denny Walling 0-0: Ball
1-0: SINGLE (Groundball, 34S, EV 66.3 MPH) (infield hit)
Pinch Hitting: LHB Von Hayes 0-0: Ball
1-0: Foul Ball, location: 2F
1-1: Foul Ball, location: 2F
1-2: Fielders Choice at 2nd, 3-6 (Groundball, 3, EV 102.5 MPH)
Pinch Hitting: RHB Steve Sax 0-0: Ball
1-0: Ball
2-0: Called Strike
2-1: Swinging Strike
2-2: Grounds into double play, 6-4-3 (Groundball, 6, EV 84.4 MPH)
Bottom of the 9th over - 0 runs, 1 hit, 0 errors, 0 left on base; Detroit 5 - Milwaukee 3
Thursday, August 6th, 2020 - OOTP Baseball 21.5 Build 76